[Event "GER-chT Youth Countries 2020"]
[Site "Berlin"]
[Date "2020.09.30"]
[Round "2"]
[White "Avetyan, Manan"]
[Black "Fock, Sana"]
[Result "0-1"]
[ECO "B91"]
[WhiteElo "1356"]
[BlackElo "1829"]
[Annotator "NA"]
[PlyCount "34"]
[EventDate "2020.09.30"]
[EventType "team-tourn"]
[EventRounds "7"]
[EventCountry "GER"]
[SourceTitle "playchess.com"]
[Source "ChessBase"]
[SourceQuality "1"]
[WhiteTeam "Mecklenburg-Vorpommern"]
[BlackTeam "Berlin"]
[WhiteTeamCountry "GER"]
[BlackTeamCountry "GER"]
[TimeControl "30/5400+30:0"]

1. e4 c5 2. Nf3 d6 3. d4 cxd4 4. Nxd4 Nf6 5. Nc3 a6 6. g3 e5 7. Nf3 Be7 8. Bg2 O-O 9. O-O b5 10. a3 Bb7 11. Re1 Nbd7 12. Nh4 Re8 13. Kh1 Nb6 14. Nf5 Bf8 15. Be3 Rc8 16. f4 Nc4 17. Bc1 g6 0-1

[Event "GER-chT Youth Countries 2020"]
[Site "Berlin"]
[Date "2020.09.30"]
[Round "2"]
[White "Lorenz, Veronika"]
[Black "Khanbekyan, Nare"]
[Result "1-0"]
[ECO "B21"]
[WhiteElo "1273"]
[BlackElo "1334"]
[Annotator "NA"]
[PlyCount "34"]
[EventDate "2020.09.30"]
[EventType "team-tourn"]
[EventRounds "7"]
[EventCountry "GER"]
[SourceTitle "playchess.com"]
[Source "ChessBase"]
[SourceQuality "1"]
[WhiteTeam "Berlin"]
[BlackTeam "Mecklenburg-Vorpommern"]
[WhiteTeamCountry "GER"]
[TimeControl "30/5400+30:0"]

1. e4 c5 2. d4 cxd4 3. c3 dxc3 4. Nxc3 Nc6 5. Nf3 g6 6. Bc4 Bg7 7. Be3 Nf6 8. O-O O-O 9. Qe2 d6 10. Rfd1 Bd7 11. Rac1 Rc8 12. Bb3 Ng4 13. Bf4 Nge5 14. Qe3 a6 15. Nd5 b5 16. Nxe5 Nxe5 17. Bg5 Re8 1-0

[Event "GER-chT Youth Countries 2020"]
[Site "Berlin"]
[Date "2020.09.30"]
[Round "2"]
[White "Reich, Elisabeth"]
[Black "Bako, Evelin"]
[Result "1-0"]
[ECO "C47"]
[WhiteElo "1128"]
[BlackElo "1192"]
[Annotator "NA"]
[PlyCount "114"]
[EventDate "2020.09.30"]
[EventType "team-tourn"]
[EventRounds "7"]
[EventCountry "GER"]
[SourceTitle "playchess.com"]
[Source "ChessBase"]
[SourceQuality "1"]
[WhiteTeam "Bayern"]
[BlackTeam "Württemberg"]
[WhiteTeamCountry "GER"]
[BlackTeamCountry "GER"]
[TimeControl "30/5400+30:0"]

1. e4 e5 2. Nf3 Nf6 3. Nc3 Nc6 4. Bc4 Be7 5. O-O O-O 6. d3 d6 7. Nd5 Bg4 8. h3 Bh5 9. Be3 Qd7 10. a4 Nxd5 11. Bxd5 a5 12. c3 Rab8 13. d4 exd4 14. Bxd4 Nxd4 15. cxd4 Bf6 16. Qd3 Rfe8 17. Rfe1 Bg6 18. Qc3 b6 19. Bc6 Qe6 20. Bxe8 Rxe8 21. Qxc7 Bd8 22. Qc3 Bf6 23. Qd2 Qd7 24. e5 dxe5 25. dxe5 Qxd2 26. Nxd2 Rxe5 27. Rxe5 Bxe5 28. Nc4 Bc7 29. Rc1 Bd8 30. Nxb6 Kf8 31. Nd7+ Ke7 32. Ne5 Kf6 33. Nxg6 Kxg6 34. Rb1 Kf6 35. b4 axb4 36. Rxb4 Ke6 37. Rb3 Kd6 38. Rb7 Bc7 39. a5 Bxa5 40. Rxf7 Bc3 41. g4 Bf6 42. f4 Ke6 43. Rb7 Bd4+ 44. Kg2 Kf6 45. h4 Kg6 46. h5+ Kh6 47. Rd7 Be3 48. Rd6+ g6 49. f5 Bf4 50. Rc6 Kg5 51. hxg6 hxg6 52. Rxg6+ Kh4 53. f6 Bd6 54. f7 Bf8 55. Rg8 Bg7 56. f8=Q Bxf8 57. Rxf8 Kxg4 1-0

[Event "GER-chT Youth Countries 2020"]
[Site "Berlin"]
[Date "2020.09.30"]
[Round "2"]
[White "Richter, Johanna"]
[Black "Ottlik, Marie"]
[Result "1/2-1/2"]
[ECO "E65"]
[WhiteElo "1107"]
[BlackElo "1454"]
[Annotator "NA"]
[PlyCount "104"]
[EventDate "2020.09.30"]
[EventType "team-tourn"]
[EventRounds "7"]
[EventCountry "GER"]
[SourceTitle "playchess.com"]
[Source "ChessBase"]
[SourceQuality "1"]
[WhiteTeam "Rheinland-Pfalz"]
[BlackTeam "Sachsen"]
[BlackTeamCountry "GER"]
[TimeControl "30/5400+30:0"]

1. d4 Nf6 2. c4 g6 3. Nc3 Bg7 4. Nf3 d6 5. g3 O-O 6. Bg2 c5 7. O-O Nbd7 8. Bf4 a6 9. a4 Rb8 10. b3 Re8 11. Bc1 Nf8 12. Rb1 Bd7 13. b4 b6 14. Ba3 Ne6 15. e3 Rc8 16. Qe2 Qc7 17. d5 Nf8 18. bxc5 bxc5 19. e4 e6 20. Qc2 Rb8 21. Rxb8 Rxb8 22. Nd2 exd5 23. exd5 Bf5 24. Nde4 Nxe4 25. Nxe4 Nd7 26. Bc1 Nf6 27. Bf4 Nxe4 28. Bxe4 Rb2 29. Qd3 Bd7 30. Qa3 Re2 31. Be3 Qa5 32. Rb1 Re1+ 33. Rxe1 Qxe1+ 34. Kg2 Qb4 35. Qxb4 cxb4 36. Bc2 Kf8 37. Kf1 Bg4 38. Ke1 Bc3+ 39. Bd2 Bxd2+ 40. Kxd2 a5 41. Ke3 Bf5 42. Bb3 Ke7 43. f3 h5 44. Kd4 Kd7 45. Ke3 g5 46. h4 f6 47. Bd1 Bb1 48. Bb3 Bf5 49. Bd1 Bb1 50. Bb3 Bf5 51. Bd1 Bb1 52. Bb3 Bf5 1/2-1/2

[Event "GER-chT Youth Countries 2020"]
[Site "Berlin"]
[Date "2020.09.30"]
[Round "2"]
[White "Heuberger, Sandra"]
[Black "Trunz, Michelle"]
[Result "0-1"]
[ECO "A85"]
[WhiteElo "1004"]
[BlackElo "1662"]
[Annotator "NA"]
[PlyCount "104"]
[EventDate "2020.09.30"]
[EventType "team-tourn"]
[EventRounds "7"]
[EventCountry "GER"]
[SourceTitle "playchess.com"]
[Source "ChessBase"]
[SourceQuality "1"]
[WhiteTeam "Brandenburg"]
[BlackTeam "Nordrhein-Westfalen"]
[WhiteTeamCountry "GER"]
[BlackTeamCountry "GER"]
[TimeControl "30/5400+30:0"]

1. d4 f5 2. c4 Nf6 3. Nc3 e6 4. Nf3 d5 5. Bg5 c6 6. e3 Be7 7. Be2 O-O 8. O-O Bd7 9. Rc1 Be8 10. Ne5 Nbd7 11. Bf3 Ne4 12. Bxe7 Qxe7 13. Be2 Qg5 14. cxd5 exd5 15. Qd3 Qe7 16. Nxd7 Bxd7 17. f3 Nd6 18. Rce1 Nc4 19. b3 Qxe3+ 20. Qxe3 Nxe3 21. Rf2 f4 22. Bd3 Rae8 23. h3 Bf5 24. Bxf5 Nxf5 25. Rxe8 Rxe8 26. Ne2 g5 27. Kh2 Re3 28. Kg1 Rd3 29. Kh2 Rd2 30. Kg1 Rxa2 31. b4 a6 32. Nc1 Rxf2 33. Kxf2 Nxd4 34. Nd3 Ne6 35. Ke2 Kf7 36. Ne5+ Ke7 37. Kd3 Kd6 38. Kc3 Kxe5 39. Kd3 c5 40. bxc5 Nxc5+ 41. Kd2 d4 42. Ke2 d3+ 43. Kd2 Kd4 44. Kd1 Ke3 45. Ke1 d2+ 46. Kd1 Nd3 47. Kc2 Ke2 48. Kc3 d1=Q 49. Kc4 Qc2+ 50. Kd5 Qc6+ 51. Kd4 Qc5+ 52. Ke4 Qe5# 0-1

[Event "GER-chT Youth Countries 2020"]
[Site "Berlin"]
[Date "2020.09.30"]
[Round "2"]
[White "Marrufo, Emilia"]
[Black "Eichhorn, Mathilda"]
[Result "0-1"]
[ECO "A40"]
[WhiteElo "796"]
[BlackElo "1532"]
[Annotator "NA"]
[PlyCount "68"]
[EventDate "2020.09.30"]
[EventType "team-tourn"]
[EventRounds "7"]
[EventCountry "GER"]
[SourceTitle "playchess.com"]
[Source "ChessBase"]
[SourceQuality "1"]
[WhiteTeam "Bremen"]
[BlackTeam "Thüringen"]
[TimeControl "30/5400+30:0"]

1. d4 e6 2. e3 d5 3. Bd3 Nf6 4. f4 c5 5. c3 Nc6 6. Nf3 Qb6 7. Bc2 cxd4 8. cxd4 Bb4+ 9. Bd2 Bxd2+ 10. Qxd2 Qxb2 11. Qc3 Qb6 12. O-O Bd7 13. Nbd2 Rc8 14. Qd3 Qd8 15. Ne5 Nb4 16. Qb3 Nxc2 17. Rac1 Nxe3 18. Qxe3 O-O 19. Ndf3 Bb5 20. Rfe1 Qa5 21. Rb1 Ne4 22. Ng5 Rc3 23. Rxb5 Rxe3 24. Rxe3 Qxb5 25. Nxe4 dxe4 26. Rxe4 Qb1+ 27. Kf2 Qxe4 28. g3 f6 29. Nd7 Qxd4+ 30. Kg2 Qxd7 31. h4 Rc8 32. a3 Rc2+ 33. Kh3 e5+ 34. g4 Qd3# 0-1

[Event "GER-chT Youth Countries 2020"]
[Site "Berlin"]
[Date "2020.10.01"]
[Round "3"]
[White "Vogel, Roven"]
[Black "Fromm, Marius"]
[Result "0-1"]
[ECO "A61"]
[WhiteElo "2456"]
[BlackElo "2190"]
[Annotator "ChessBase"]
[PlyCount "50"]
[EventDate "2020.09.30"]
[EventType "team-tourn"]
[EventRounds "7"]
[EventCountry "GER"]
[SourceTitle "playchess.com"]
[Source "ChessBase"]
[SourceQuality "1"]
[TimeControl "30/5400+30:0"]

1. d4 Nf6 2. c4 c5 3. d5 e6 4. Nc3 exd5 5. cxd5 d6 6. Nf3 g6 7. h3 Bg7 8. e4 O-O 9. Bd3 b5 10. Nxb5 Re8 11. Nc3 Nxe4 12. Nxe4 f5 13. Nfg5 fxe4 14. Bxe4 Bxb2 15. Ne6 Qh4 16. g4 Bxa1 17. Bg5 Rxe6 18. Bxh4 Rxe4+ 19. Kf1 Bd4 20. Bg3 Nd7 21. Qa4 Nb6 22. Qc6 Ba6+ 23. Kg2 Rf8 24. Qxd6 Bc4 25. Kh2 Rxf2+ 0-1

[Event "GER-chT Youth Countries 2020"]
[Site "Berlin"]
[Date "2020.10.01"]
[Round "3"]
[White "Reuker, Jari"]
[Black "Goldbeck, Lars"]
[Result "0-1"]
[ECO "D45"]
[WhiteElo "2401"]
[BlackElo "2273"]
[Annotator "ChessBase"]
[PlyCount "77"]
[EventDate "2020.09.30"]
[EventType "team-tourn"]
[EventRounds "7"]
[EventCountry "GER"]
[SourceTitle "playchess.com"]
[Source "ChessBase"]
[SourceQuality "1"]
[TimeControl "30/5400+30:0"]

1. d4 Nf6 2. c4 c6 3. Nc3 d5 4. e3 e6 5. Nf3 Nbd7 6. Be2 Bd6 7. O-O O-O 8. b3 b6 9. Bb2 Bb7 10. Re1 Ne4 11. Nxe4 dxe4 12. Nd2 f5 13. a4 a5 14. Ba3 c5 15. Nb1 Rf6 16. g3 Qe7 17. Nc3 Rd8 18. Nb5 Bb8 19. Ra2 Ne5 20. Rd2 Nf3+ 21. Bxf3 exf3 22. dxc5 Rxd2 23. Qxd2 bxc5 24. Rd1 Rf8 25. Qxa5 f4 26. exf4 Bxf4 27. Qb6 Be3 28. Qd6 Qg5 29. Qxe6+ Kh8 30. Nd6 Qh5 31. Nf7+ Kg8 32. Nd6+ Kh8 33. Nf7+ Kg8 34. Ng5+ Kh8 35. Qxe3 h6 36. Qe7 Re8 37. Rd8 Bc6 38. Qf8+ Rxf8 39. Rxf8# 0-1

[Event "GER-chT Youth Countries 2020"]
[Site "Berlin"]
[Date "2020.10.01"]
[Round "3"]
[White "Faerber, David"]
[Black "Pubantz, Jan"]
[Result "1/2-1/2"]
[ECO "B10"]
[WhiteElo "2321"]
[BlackElo "2295"]
[Annotator "ChessBase"]
[PlyCount "69"]
[EventDate "2020.09.30"]
[EventType "team-tourn"]
[EventRounds "7"]
[EventCountry "GER"]
[SourceTitle "playchess.com"]
[Source "ChessBase"]
[SourceQuality "1"]
[TimeControl "30/5400+30:0"]

1. e4 c6 2. Nf3 d5 3. d3 Bg4 4. Be2 e6 5. Nbd2 Nd7 6. O-O Qc7 7. d4 dxe4 8. Nxe4 Ngf6 9. Nxf6+ Nxf6 10. h3 Bf5 11. c4 Be7 12. b3 O-O 13. Bb2 Rfd8 14. Bd3 Bxd3 15. Qxd3 c5 16. Qe3 Ne8 17. Rfd1 Bf6 18. Rd2 Nd6 19. Qf4 cxd4 20. Bxd4 Bxd4 21. Rxd4 Qe7 22. Rad1 Nf5 23. R4d2 h6 24. Ne5 Rxd2 25. Qxd2 Qc7 26. Nf3 Rc8 27. Qd7 Ne7 28. Qxc7 Rxc7 29. Ne5 f6 30. Rd8+ Kh7 31. Rd7 Rxd7 32. Nxd7 e5 33. Kf1 Kg6 34. Ke2 Kf7 35. Nc5 1/2-1/2

[Event "GER-chT Youth Countries 2020"]
[Site "Berlin"]
[Date "2020.10.01"]
[Round "3"]
[White "Richter, Nils"]
[Black "Weishaeutel, Moritz"]
[Result "1/2-1/2"]
[ECO "A30"]
[WhiteElo "2307"]
[BlackElo "2222"]
[Annotator "ChessBase"]
[PlyCount "66"]
[EventDate "2020.09.30"]
[EventType "team-tourn"]
[EventRounds "7"]
[EventCountry "GER"]
[SourceTitle "playchess.com"]
[Source "ChessBase"]
[SourceQuality "1"]
[TimeControl "30/5400+30:0"]

1. c4 c5 2. Nf3 Nc6 3. e3 Nf6 4. Nc3 g6 5. d4 cxd4 6. exd4 d5 7. cxd5 Nxd5 8. Qb3 e6 9. Bb5 Bg7 10. O-O O-O 11. Bxc6 bxc6 12. Re1 Qc7 13. a3 Nxc3 14. Qxc3 Bb7 15. Ne5 Rfd8 16. Bf4 Qb6 17. Rad1 Qb5 18. h4 a5 19. h5 a4 20. h6 Bh8 21. Ng4 Qf5 22. Be5 f6 23. Ne3 Qg5 24. Bg3 Qxh6 25. Nc4 Qh5 26. Nd6 Bc8 27. Qxc6 Bd7 28. Qc4 Qd5 29. Qxd5 exd5 30. Rc1 Ra7 31. Rc5 f5 32. Be5 Bxe5 33. dxe5 Be6 1/2-1/2

[Event "GER-chT Youth Countries 2020"]
[Site "Berlin"]
[Date "2020.10.01"]
[Round "3"]
[White "Arndt, Magnus"]
[Black "Krastev, Alexander"]
[Result "0-1"]
[ECO "A45"]
[WhiteElo "2298"]
[BlackElo "2340"]
[Annotator "ChessBase"]
[PlyCount "69"]
[EventDate "2020.09.30"]
[EventType "team-tourn"]
[EventRounds "7"]
[EventCountry "GER"]
[SourceTitle "playchess.com"]
[Source "ChessBase"]
[SourceQuality "1"]
[TimeControl "30/5400+30:0"]

1. d4 Nf6 2. Bg5 c5 3. d5 b5 4. Bxf6 exf6 5. e4 a6 6. a4 bxa4 7. Nc3 d6 8. Bd3 g6 9. Nf3 Bg7 10. O-O O-O 11. Nd2 Nd7 12. f4 Nb6 13. Nxa4 Nxa4 14. Rxa4 Bd7 15. Ra2 Bb5 16. Qf3 Re8 17. Rfa1 Rb8 18. c3 Qe7 19. g3 Rb6 20. Bc4 Qd7 21. Qd3 h5 22. Kg2 Rb7 23. Ra5 Reb8 24. R5a2 Qe8 25. Ra5 f5 26. exf5 Bd7 27. fxg6 fxg6 28. b3 Bf5 29. Qf3 Re7 30. R5a2 Re3 31. Qf1 Bxc3 32. Rd1 Qd7 33. Kh1 Rbe8 34. Qf2 Bd4 35. Nf1 0-1

[Event "GER-chT Youth Countries 2020"]
[Site "Berlin"]
[Date "2020.10.01"]
[Round "3"]
[White "Kuznecovs, Nikita"]
[Black "Koelle, Tobias"]
[Result "1-0"]
[ECO "B50"]
[WhiteElo "2276"]
[BlackElo "2275"]
[Annotator "ChessBase"]
[PlyCount "109"]
[EventDate "2020.09.30"]
[EventType "team-tourn"]
[EventRounds "7"]
[EventCountry "GER"]
[SourceTitle "playchess.com"]
[Source "ChessBase"]
[SourceQuality "1"]
[TimeControl "30/5400+30:0"]

1. e4 c5 2. Nf3 d6 3. Bc4 Nf6 4. d3 Nc6 5. c3 e6 6. Bb3 Be7 7. O-O O-O 8. Nbd2 b6 9. Re1 Bb7 10. Nf1 Rc8 11. Ng3 Qc7 12. Qe2 Rfe8 13. Bc2 Bf8 14. Bg5 Nd7 15. h3 g6 16. Nh2 h6 17. Bd2 Bg7 18. f4 Qb8 19. h4 h5 20. Qf2 f5 21. exf5 exf5 22. Bb3+ Kf8 23. Nf3 Bf6 24. Nxh5 Rxe1+ 25. Rxe1 Re8 26. Nxf6 Nxf6 27. Ng5 d5 28. h5 gxh5 29. Rf1 Qc7 30. Qh4 Qg7 31. Bd1 Qg6 32. b4 Ba6 33. Ba4 b5 34. Bd1 cxb4 35. cxb4 Bb7 36. Bf3 Nd4 37. Bc3 Nxf3+ 38. gxf3 Nh7 39. Bd4 Re2 40. Kh1 Nxg5 41. fxg5 Bc8 42. Rc1 Bd7 43. Qf4 Qe6 44. g6 Re1+ 45. Rxe1 Qxe1+ 46. Kg2 Qe2+ 47. Kg3 Qe1+ 48. Bf2 h4+ 49. Qxh4 Qe5+ 50. f4 Qe8 51. Qh7 d4 52. g7+ Kf7 53. g8=Q+ Kf6 54. Bxd4+ Qe5 55. fxe5# 1-0

[Event "GER-chT Youth Countries 2020"]
[Site "Berlin"]
[Date "2020.10.01"]
[Round "3"]
[White "Schneider, Jana"]
[Black "Colbow, Collin"]
[Result "1/2-1/2"]
[ECO "B51"]
[WhiteElo "2270"]
[BlackElo "2210"]
[Annotator "ChessBase"]
[PlyCount "59"]
[EventDate "2020.09.30"]
[EventType "team-tourn"]
[EventRounds "7"]
[EventCountry "GER"]
[SourceTitle "playchess.com"]
[Source "ChessBase"]
[SourceQuality "1"]
[TimeControl "30/5400+30:0"]

1. e4 c5 2. Nf3 d6 3. Bb5+ Nd7 4. d4 cxd4 5. Qxd4 a6 6. Be2 Ngf6 7. O-O e5 8. Qe3 Be7 9. c4 O-O 10. Nc3 Nc5 11. Rd1 Bd7 12. Ne1 Na4 13. Nxa4 Bxa4 14. b3 Bc6 15. f3 Qc7 16. Bb2 Nh5 17. Nd3 f5 18. c5 fxe4 19. fxe4 Nf4 20. cxd6 Bxd6 21. Rac1 Rad8 22. Nxf4 exf4 23. Qd4 Rfe8 24. Bc4+ Kh8 25. Bd5 Be5 26. Qf2 Qe7 27. Bxc6 Rxd1+ 28. Rxd1 bxc6 29. Bxe5 Qxe5 30. Qd4 1/2-1/2

[Event "GER-chT Youth Countries 2020"]
[Site "Berlin"]
[Date "2020.10.01"]
[Round "3"]
[White "Yi, Danny"]
[Black "Nguyen, Huy Dat"]
[Result "1-0"]
[ECO "B37"]
[WhiteElo "2266"]
[BlackElo "2166"]
[Annotator "ChessBase"]
[PlyCount "56"]
[EventDate "2020.09.30"]
[EventType "team-tourn"]
[EventRounds "7"]
[EventCountry "GER"]
[SourceTitle "playchess.com"]
[Source "ChessBase"]
[SourceQuality "1"]
[TimeControl "30/5400+30:0"]

1. e4 c5 2. Nf3 Nc6 3. d4 cxd4 4. Nxd4 g6 5. c4 Bg7 6. Nc2 Nf6 7. Nc3 O-O 8. Be2 b6 9. O-O Bb7 10. Be3 Ne8 11. f3 f5 12. Nd4 e6 13. Qd2 Qe7 14. Rad1 Rd8 15. Kh1 Nxd4 16. Bxd4 fxe4 17. fxe4 Qh4 18. Rxf8+ Bxf8 19. Be5 Bb4 20. Bg3 Qe7 21. Bf3 g5 22. Qd3 Bxc3 23. Qxc3 d6 24. Qd4 Ba8 25. h3 Qg7 26. Qd2 e5 27. Qb4 Qg6 28. Qb3 h5 1-0

[Event "GER-chT Youth Countries 2020"]
[Site "Berlin"]
[Date "2020.10.01"]
[Round "3"]
[White "Dahl, Christoph"]
[Black "Grossmann, Piet"]
[Result "1-0"]
[ECO "C10"]
[WhiteElo "2262"]
[BlackElo "1849"]
[Annotator "ChessBase"]
[PlyCount "89"]
[EventDate "2020.09.30"]
[EventType "team-tourn"]
[EventRounds "7"]
[EventCountry "GER"]
[SourceTitle "playchess.com"]
[Source "ChessBase"]
[SourceQuality "1"]
[TimeControl "30/5400+30:0"]

1. e4 e6 2. d4 d5 3. Nc3 dxe4 4. Nxe4 Nd7 5. Nf3 Ngf6 6. Bg5 Be7 7. Nxf6+ Nxf6 8. Bd3 Nd5 9. Bxe7 Qxe7 10. Qd2 O-O 11. O-O-O Nb4 12. a3 Nxd3+ 13. Qxd3 a5 14. h4 Qf6 15. Ne5 c5 16. Qe3 b6 17. dxc5 bxc5 18. Qxc5 Bb7 19. Nd7 Qf4+ 20. Qe3 Qxe3+ 21. fxe3 Rfd8 22. Rd2 Bd5 23. Nb6 Ra6 24. Nxd5 exd5 25. Rhd1 Rad6 26. Rd4 f5 27. c4 Rc8 28. Kb1 g6 29. Rxd5 Rdc6 30. Rd8+ Kg7 31. Rxc8 Rxc8 32. Rc1 a4 33. c5 Kh6 34. c6 Kh5 35. Rc4 g5 36. hxg5 Kxg5 37. c7 Kf6 38. b4 axb3 39. Kb2 Ke6 40. Kxb3 Kd6 41. a4 Kd7 42. Kb4 Kd6 43. Kb5 Rxc7 44. Rxc7 Kxc7 45. Kc5 1-0

[Event "GER-chT Youth Countries 2020"]
[Site "Berlin"]
[Date "2020.10.01"]
[Round "3"]
[White "Costa, Leonardo"]
[Black "Viet, Silas"]
[Result "1-0"]
[ECO "B67"]
[WhiteElo "2245"]
[BlackElo "1846"]
[Annotator "ChessBase"]
[PlyCount "63"]
[EventDate "2020.09.30"]
[EventType "team-tourn"]
[EventRounds "7"]
[EventCountry "GER"]
[SourceTitle "playchess.com"]
[Source "ChessBase"]
[SourceQuality "1"]
[TimeControl "30/5400+30:0"]

1. e4 c5 2. Nf3 d6 3. d4 cxd4 4. Nxd4 Nf6 5. Nc3 Nc6 6. Bg5 e6 7. Qd2 a6 8. O-O-O Bd7 9. f4 b5 10. a3 Qb6 11. Bxf6 gxf6 12. Nb3 O-O-O 13. Be2 Rg8 14. Bh5 Be8 15. Rhf1 Be7 16. Qe2 Kb8 17. g3 Rc8 18. Nd5 Qa7 19. Nxe7 Qxe7 20. Rd2 e5 21. Qf2 f5 22. Qb6+ Qb7 23. Qxb7+ Kxb7 24. exf5 Kc7 25. Rfd1 Rd8 26. Bf3 f6 27. fxe5 dxe5 28. Rxd8 Nxd8 29. Nc5 Nc6 30. Nxa6+ Kb6 31. Rd6 Kxa6 32. Bxc6 1-0

[Event "GER-chT Youth Countries 2020"]
[Site "Berlin"]
[Date "2020.10.01"]
[Round "3"]
[White "Hesse, Henrik"]
[Black "Muckle, Julius"]
[Result "0-1"]
[ECO "A11"]
[WhiteElo "2242"]
[BlackElo "2427"]
[Annotator "ChessBase"]
[PlyCount "112"]
[EventDate "2020.09.30"]
[EventType "team-tourn"]
[EventRounds "7"]
[EventCountry "GER"]
[SourceTitle "playchess.com"]
[Source "ChessBase"]
[SourceQuality "1"]
[TimeControl "30/5400+30:0"]

1. c4 c6 2. g3 d5 3. Nf3 Nf6 4. Bg2 Bf5 5. O-O e6 6. Qb3 Qb6 7. d3 Nbd7 8. Be3 Qxb3 9. axb3 a6 10. Nc3 h6 11. Nd4 Bh7 12. Nc2 Be7 13. h3 O-O 14. Rfc1 Rfc8 15. d4 Ne8 16. c5 b6 17. b4 a5 18. bxa5 bxc5 19. dxc5 Nxc5 20. Bxc5 Bxc5 21. b4 Ba7 22. Na4 Rab8 23. Nb6 Bxb6 24. axb6 Bxc2 25. Rxc2 Rxb6 26. e4 Nd6 27. exd5 exd5 28. Ra7 Rxb4 29. Rd7 Rc4 30. Ra2 Rc1+ 31. Kh2 Nb5 32. Re2 Kf8 33. Ree7 Nd6 34. Re2 Re8 35. Rb2 Re6 36. Rb8+ Ne8 37. Rbb7 Rf6 38. f4 Re1 39. h4 g6 40. h5 gxh5 41. Kh3 Nd6 42. Rb6 Nc4 43. Ra6 Ne3 44. Ra2 Nxg2 45. Kxg2 h4 46. Ra8+ Re8 47. Raa7 hxg3 48. Kxg3 Re3+ 49. Kg4 Re4 50. Ra8+ Kg7 51. Rdd8 Rfxf4+ 52. Kg3 Rf5 53. Rg8+ Kf6 54. Rh8 Rg5+ 55. Kf3 Rg6 56. Rac8 Ke5 0-1

[Event "GER-chT Youth Countries 2020"]
[Site "Berlin"]
[Date "2020.10.01"]
[Round "3"]
[White "Maetzkow, Maximilian Paul"]
[Black "Musiolik, David"]
[Result "0-1"]
[ECO "A05"]
[WhiteElo "2242"]
[BlackElo "2198"]
[Annotator "ChessBase"]
[PlyCount "88"]
[EventDate "2020.09.30"]
[EventType "team-tourn"]
[EventRounds "7"]
[EventCountry "GER"]
[SourceTitle "playchess.com"]
[Source "ChessBase"]
[SourceQuality "1"]
[TimeControl "30/5400+30:0"]

1. Nf3 Nf6 2. e3 g6 3. b4 Bg7 4. Bb2 b6 5. Be2 c5 6. b5 Bb7 7. O-O O-O 8. d3 d6 9. Nbd2 Nbd7 10. c4 e5 11. a4 Re8 12. a5 a6 13. Bc3 axb5 14. cxb5 Nd5 15. Bb2 Rxa5 16. Rxa5 bxa5 17. Nc4 Qc7 18. Nfd2 Ra8 19. Ne4 Bf8 20. f4 exf4 21. exf4 N5b6 22. Ne3 d5 23. Ng5 d4 24. Qb3 Nf6 25. f5 Nbd5 26. fxg6 hxg6 27. Nc4 Bg7 28. Bc1 Nc3 29. Bf3 Bxf3 30. Nxf3 Ne2+ 31. Kh1 Nxc1 32. Rxc1 a4 33. Qa2 Nd5 34. Re1 Nb4 35. Qe2 a3 36. Qe4 Qd8 37. Nfd2 Qd5 38. Qxd5 Nxd5 39. b6 a2 40. Nb3 Rb8 41. Ra1 Nxb6 42. Nca5 c4 43. Nc1 Ra8 44. Nxc4 Nxc4 0-1

[Event "GER-chT Youth Countries 2020"]
[Site "Berlin"]
[Date "2020.10.01"]
[Round "3"]
[White "Knuedel, Torben"]
[Black "Schmider, Niklas"]
[Result "1-0"]
[ECO "B94"]
[WhiteElo "2211"]
[BlackElo "2291"]
[Annotator "ChessBase"]
[PlyCount "64"]
[EventDate "2020.09.30"]
[EventType "team-tourn"]
[EventRounds "7"]
[EventCountry "GER"]
[SourceTitle "playchess.com"]
[Source "ChessBase"]
[SourceQuality "1"]
[TimeControl "30/5400+30:0"]

1. e4 c5 2. Nf3 d6 3. d4 cxd4 4. Nxd4 Nf6 5. Nc3 a6 6. Bg5 Nbd7 7. Qe2 h6 8. Bxf6 Nxf6 9. O-O-O Qa5 10. Kb1 e6 11. f4 Be7 12. g4 Nd7 13. h4 Nc5 14. Rh3 Bd7 15. f5 O-O-O 16. a3 Kb8 17. e5 d5 18. Bg2 Na4 19. Nxa4 Qxa4 20. Rb3 Rc8 21. g5 hxg5 22. hxg5 Rh4 23. Qf2 Bxg5 24. Nf3 Rhc4 25. Nxg5 Rxc2 26. Qb6 Bb5 27. Rxd5 exd5 28. Bxd5 R8c7 29. e6 Qf4 30. exf7 Qxf5 31. Ne4 Rc1+ 32. Ka2 Qf1 1-0

[Event "GER-chT Youth Countries 2020"]
[Site "Berlin"]
[Date "2020.10.01"]
[Round "3"]
[White "Post, Hugo"]
[Black "Haack, Kevin"]
[Result "1-0"]
[ECO "B90"]
[WhiteElo "2209"]
[BlackElo "2209"]
[Annotator "ChessBase"]
[PlyCount "69"]
[EventDate "2020.09.30"]
[EventType "team-tourn"]
[EventRounds "7"]
[EventCountry "GER"]
[SourceTitle "playchess.com"]
[Source "ChessBase"]
[SourceQuality "1"]
[TimeControl "30/5400+30:0"]

1. e4 c5 2. Nf3 d6 3. d4 cxd4 4. Nxd4 Nf6 5. Nc3 a6 6. Be3 e6 7. f3 b5 8. Qd2 Nbd7 9. g4 b4 10. Na4 h6 11. Rg1 Qa5 12. b3 d5 13. h4 dxe4 14. g5 hxg5 15. hxg5 Nd5 16. fxe4 Nxe3 17. Qxe3 g6 18. O-O-O Bb7 19. Bh3 Nc5 20. Rgf1 Rh7 21. Qf4 Be7 22. Kb1 Nxa4 23. bxa4 Bxg5 24. Qg3 Bh4 25. Qh2 e5 26. Nb3 Qb6 27. Qxe5+ Kf8 28. Rd7 Kg8 29. Qf4 Rf8 30. Rd6 Qa7 31. Rxg6+ Kh8 32. Rh6 Bxe4 33. Rxh7+ Bxh7 34. Qxh4 f6 35. Bf5 1-0

[Event "GER-chT Youth Countries 2020"]
[Site "Berlin"]
[Date "2020.10.01"]
[Round "3"]
[White "Matthes, Aaron"]
[Black "Jeschke, Jan"]
[Result "0-1"]
[ECO "A45"]
[WhiteElo "2198"]
[BlackElo "2043"]
[Annotator "ChessBase"]
[PlyCount "35"]
[EventDate "2020.09.30"]
[EventType "team-tourn"]
[EventRounds "7"]
[EventCountry "GER"]
[SourceTitle "playchess.com"]
[Source "ChessBase"]
[SourceQuality "1"]
[TimeControl "30/5400+30:0"]

1. d4 Nf6 2. Bg5 c5 3. d5 Qb6 4. Nc3 Qxb2 5. Bd2 Qb6 6. e4 d6 7. f4 a6 8. Nf3 g6 9. e5 Nh5 10. Bc4 Bg7 11. O-O O-O 12. Qe1 Qc7 13. a4 Nd7 14. e6 Nb6 15. Qe4 fxe6 16. Ng5 Bd4+ 17. Kh1 Nxc4 18. Be1 0-1

[Event "GER-chT Youth Countries 2020"]
[Site "Berlin"]
[Date "2020.10.01"]
[Round "3"]
[White "Lesny, Florian"]
[Black "Pallas, Sebastian"]
[Result "1-0"]
[ECO "B90"]
[WhiteElo "2178"]
[BlackElo "2315"]
[Annotator "ChessBase"]
[PlyCount "105"]
[EventDate "2020.09.30"]
[EventType "team-tourn"]
[EventRounds "7"]
[EventCountry "GER"]
[SourceTitle "playchess.com"]
[Source "ChessBase"]
[SourceQuality "1"]
[TimeControl "30/5400+30:0"]

1. e4 c5 2. Nf3 d6 3. d4 cxd4 4. Nxd4 Nf6 5. Nc3 a6 6. Be3 e6 7. Be2 Nbd7 8. a4 b6 9. f4 Bb7 10. Bf3 Rc8 11. O-O Rxc3 12. bxc3 Nxe4 13. c4 Qc7 14. a5 bxa5 15. Nb3 a4 16. Qd4 axb3 17. Bxe4 d5 18. cxd5 Bc5 19. Qc3 exd5 20. Bf5 O-O 21. Bxd7 Bxe3+ 22. Qxe3 Qxd7 23. Qxb3 d4 24. Rfe1 h6 25. Re2 Bc6 26. Rd2 Re8 27. Qg3 Bb5 28. Rad1 Re4 29. Re1 Qf5 30. Rxe4 Qxe4 31. h3 a5 32. Kh2 a4 33. Qf3 Qe3 34. Qxe3 dxe3 35. Rd8+ Kh7 36. Kg3 g5 37. fxg5 hxg5 38. Rd5 Bc6 39. Re5 f5 40. Rxf5 Be4 41. Rxg5 Bxc2 42. Re5 a3 43. Rxe3 a2 44. Ra3 Bb3 45. Kf4 Kg6 46. Ra5 Bc4 47. g3 Be6 48. h4 Bc4 49. Ke3 Bb3 50. Kd2 Bd5 51. Kc3 Be6 52. Kb2 Bc4 53. Rxa2 1-0